 Dungeon Crawl Stone Soup version 0.29.1-2-gbd0b4ee654 (webtiles) character file.

Game seed: 16296787315950550206

5 qeuew the Grave Robber (level 1, -1/10 HPs)
             Began as a Deep Elf Necromancer on Nov 14, 2022.
             Slain by a kobold
             ... wielding a +0 whip
              (3 damage)
             ... on level 1 of the Dungeon.
             The game lasted 00:00:12 (165 turns).

qeuew the Grave Robber (Deep Elf Necromancer)        Turns: 165, Time: 00:00:13

Health: -1/10      AC:  2    Str:  5    XL:     1   Next: 66%
Magic:  3/6        EV: 12    Int: 19    God:
Gold:   0          SH:  0    Dex: 15    Spells: 5/6 levels left

rFire   . . .      SeeInvis .   (no weapon)
rCold   . . .      Faith    .   (no shield)
rNeg    . . .      Spirit   .   a - +0 robe
rPois   .          Reflect  .   (no helmet)
rElec   .          Harm     .   (no cloak)
rCorr   .          Rampage  .   (no gloves)
Will    .....                   (no boots)
Stlth   ++........              (no amulet)
HPRegen 0.03/turn               (no ring)
MPRegen 0.10/turn               (no ring)

@: no status effects
A: no striking features
a: no special abilities


You were on level 1 of the Dungeon.
You visited 1 branch of the dungeon, and saw 1 of its levels.

Inventory:

Armour
 a - a +0 robe (worn)
Potions
 b - a potion of magic
 c - 2 potions of resistance {unknown}


   Skills:
 + Level 2.6 Dodging
 + Level 2.6 Stealth
 + Level 3.1 Spellcasting
 + Level 4.9 Necromancy


You had 5 spell levels left.
You knew the following spells:

 Your Spells              Type           Power      Damage    Failure   Level
a - Necrotise             Necr           84%        1d8       1%          1

Your spell library contained the following spells:

 Spells                   Type           Power      Damage    Failure   Level
 Vampiric Draining        Necr           21%        2d7       6%          3
 Animate Dead             Necr           21%        N/A       21%         4
 Ensorcelled Hibernation  Hex/Ice        6%         N/A       22%         2
 Passwall                 Tmut/Erth      2%         N/A       22%         2
 Swiftness                Air            3%         N/A       41%         3
 Agony                    Necr           21%        N/A       50%         5


Dungeon Overview and Level Annotations

Branches:
Dungeon (1/15)

Altars:


Message History

The hobgoblin writhes in agony!
You kill the hobgoblin!
You hear a shout!
A giant cockroach comes into view.
The rat writhes in agony.
You kill the rat!
The giant cockroach writhes in agony.
You kill the giant cockroach!
You can't see any susceptible monsters within range! (Use Z to cast anyway.)
You can't see any susceptible monsters within range! (Use Z to cast anyway.)
A kobold comes into view. It is wielding a +0 whip.
A kobold is nearby!
A kobold is nearby!
A kobold is nearby!
You swap places.
You see here a giant cockroach corpse.
You hit the kobold.
The kobold is moderately wounded.
Your hobgoblin skeleton closely misses the kobold.
The kobold hits you with a +0 whip.
* * * LOW HITPOINT WARNING * * *
You are too injured to fight recklessly!
You are too injured to fight recklessly!
You are too injured to fight recklessly!
A kobold is nearby!
You hit the kobold but do no damage.
The kobold is moderately wounded.
Your rat skeleton closely misses the kobold.
Your hobgoblin skeleton barely misses the kobold.
The kobold barely misses you.
You closely miss the kobold.
The kobold is moderately wounded.
Your rat skeleton barely misses the kobold.
Your hobgoblin skeleton misses the kobold.
The kobold barely misses you.
You miss the kobold.
The kobold is moderately wounded.
Your rat skeleton bites the kobold but does no damage.
The kobold hits you with a +0 whip.
You die...

# # #. ######### ##.#.
####.#........ ......
..... #.####### .....#
#...# #.# ..#.#.#..# #.#
#.#Z#.#.# #.# #K@.#..#
#.# #.#Z#.#.# #.#######
..#.#Z#..# #..).....
.......#...###########.
##..#..####.......#####.
......# #######.......
##..## ######## ..


You could see a kobold (ally target), a friendly rat skeleton, a friendly quokka
skeleton and a friendly hobgoblin skeleton.

Vanquished Creatures
  A giant cockroach (D:1)
  A hobgoblin (D:1)
  A quokka (D:1)
  A kobold (D:1)
  A rat (D:1)
5 creatures vanquished.

Notes
Turn   | Place    | Note
-------+----------+-------------------------------------------
     0 | D:1      | qeuew the Deep Elf Necromancer began the quest for the Orb.
     0 | D:1      | Reached XP level 1. HP: 10/10 MP: 6/6
   165 | D:1      | Slain by a kobold

Illustrated notes

Levels and vault maps discovered:
D:1:      sevenhm_arrival_forest_fort_large_2, layout_basic,
          minmay_tiny_reverse_x

Action                   || total
-------------------------++-------
Melee: Unarmed           ||     4
 Cast: Necrotise         ||     5
Dodge: Dodged            ||     2
